 Dungeon Crawl Stone Soup version 0.20.0-15-g7f486f2 (webtiles) character file.

2049 systemy the Cleaver (level 9, -1/79 HPs)
             Began as a Minotaur Berserker on June 23, 2017.
             Was an Elder of Trog.
             Slain by a sixfirhy (10 damage)
             ... summoned by an obsidian statue
             ... on level 8 of the Dungeon.
             The game lasted 00:19:03 (5539 turns).

systemy the Cleaver (Minotaur Berserker)            Turns: 5539, Time: 00:19:04

Health: -1/79      AC:  6    Str: 26    XL:     9   Next: 4%
Magic:  8/8        EV:  8    Int:  4    God:    Trog [****..]
Gold:   390        SH:  0    Dex:  9    Spells: 8/8 levels left

rFire    + . .     SeeInvis .   a - +1 hand axe
rCold    . . .     Gourm    .   (no shield)
rNeg     . . .     Faith    +   f - +0 plate armour
rPois    .         Spirit   .   (helmet restricted)
rElec    .         Reflect  .   t - +0 cloak
rCorr    .         Harm     .   (no gloves)
MR       .....                  (no boots)
Stlth    ..........             s - amulet of faith
Regen    0.3/turn               p - +2 ring of slaying
MPRegen  0.2/turn               x - ring of protection from fire

@: corroded, mesmerised
A: retaliatory headbutt, horns 2
a: Berserk, Trog's Hand, Brothers in Arms, Burn Spellbooks, Renounce Religion


You were on level 8 of the Dungeon.
You worshipped Trog.
Trog was greatly pleased with you.
You were not hungry.

You visited 2 branches of the dungeon, and saw 9 of its levels.

You collected 390 gold pieces.

Inventory:

Hand Weapons
 a - a +1 hand axe (weapon)
Armour
 f - a +0 plate armour (worn)
 t - a +0 cloak (worn)
 A - a +0 large shield
Jewellery
 e - a +4 amulet of reflection {unknown}
 p - a +2 ring of slaying (left hand)
 s - an amulet of faith (around neck)
 x - a ring of protection from fire (right hand)
 y - an uncursed ring of loudness
Scrolls
 b - a scroll of amnesia {unknown}
 d - 3 scrolls of remove curse
 i - 2 scrolls of teleportation
 k - 7 scrolls of identify
 l - 2 scrolls of enchant weapon
 o - 2 scrolls of recharging
 G - a scroll of fear
Potions
 g - 2 potions of brilliance
 h - 4 potions of heal wounds
 m - a potion of ambrosia
 n - a potion of magic
 q - 3 potions of might
 r - 3 potions of curing
 v - 2 potions of haste
 B - 2 potions of cancellation
 C - a potion of flight
 D - 2 potions of lignification
Comestibles
 c - 8 bread rations
 j - 7 fruits
 u - 3 royal jellies
 z - 2 meat rations


   Skills:
 + Level 7.4 Fighting
 + Level 10.5 Axes
 + Level 7.0 Armour
 - Level 3.5 Dodging
 - Level 1.4 Stealth


You had 8 spell levels left.
You didn't know any spells.

Dungeon Overview and Level Annotations

Branches:
Dungeon (8/15)             Temple (1/1) D:5
   Lair: D:8-11

Altars:
Ashenzari
Cheibriados
Dithmenos
Elyvilon
Fedhas
Gozag
Hepliaklqana
Kikubaaqudgha
Makhleb
Nemelex Xobeh
Okawaru
Qazlal
Sif Muna
Trog
Uskayaw
Vehumet
Xom
Yredelemnul
The Shining One
Lugonu

Shops:
D:5 [

Annotations:
D:8 exclusion: obsidian statue


Innate Abilities, Weirdness & Mutations

You reflexively headbutt those who attack you in melee.
You have a pair of horns on your head.


Message History

The rust devil corrodes you!
You hit the obsidian statue but do no damage.
You headbutt the obsidian statue, but do no damage.
The obsidian statue is lightly damaged.
You hit the iron imp but do no damage. You barely miss the rust devil.
You slash the sixfirhy! The sixfirhy hits you! The sixfirhy shocks you!
The sixfirhy barely misses you.
The iron imp disappears for a moment.
The iron imp hits you!
You hit the obsidian statue but do no damage.
You headbutt the obsidian statue, but do no damage.
The obsidian statue is lightly damaged.
You hit the iron imp but do no damage.
You hit the rust devil but do no damage.
You hit the sixfirhy. The sixfirhy hits you!
* * * LOW HITPOINT WARNING * * *
The sixfirhy shocks you!
* * * LOW HITPOINT WARNING * * *
The sixfirhy hits you!
You die...

##.................#
#.................#.
#...................
###...................
....#'####.....###....
....#....#..(.##)##...
....#....#..)##...##..
....#.####..##?.83.##.
#####.#....## #.@4..##
......#....# ##.5...##
......#....#
###.....###.
......#....#
#.##........
..#####....#
##.......#..
..###....########..##..#
....#....#..........#..+
....#....#..........# .#
....#....#..........# #


You could see an obsidian statue, a rust devil, a sixfirhy and an iron imp.

Vanquished Creatures
  A spriggan (D:7)
  A water moccasin (D:5)
  2 ice beasts
  2 sky beasts
  The ghost of NorthaanB the Skirmisher, an amateur MfIE (D:3)
  2 centaurs
  An ogre (D:8)
  A bullfrog (D:6)
  A howler monkey (D:6)
  4 crimson imps
  A bullfrog zombie (D:7)
  4 hounds
  An orc priest (D:3)
  3 iguanas
  2 orc wizards
  A bullfrog skeleton (D:7)
  A centaur skeleton (D:4)
  Terence (D:2)
  9 worker ants
  A hound skeleton (D:7)
  A worker ant zombie (D:7)
  4 gnolls
  7 adders
  A shadow imp (D:5)
  An ooze (D:3)
  An adder skeleton (D:4)
  An adder zombie (D:7)
  2 worms
  A dart slug (D:4)
  6 leopard geckos
  10 orcs
  A ball python (D:1)
  7 giant cockroaches
  6 goblins
  9 hobgoblins
  6 jackals
  3 quokkas
  11 bats
  A frilled lizard (D:1)
  4 kobolds
  A leopard gecko skeleton (D:5)
  A quokka skeleton (D:4)
  10 rats
135 creatures vanquished.

Notes
Turn   | Place    | Note
-------+----------+-------------------------------------------
     0 | D:1      | systemy the Minotaur Berserker began the quest for the Orb.
     0 | D:1      | Reached XP level 1. HP: 19/19 MP: 0/0
   130 | D:1      | Reached XP level 2. HP: 27/27 MP: 1/1
   332 | D:1      | Reached skill level 4 in Axes
   473 | D:1      | Reached XP level 3. HP: 28/33 MP: 2/2
   525 | D:1      | Reached ** piety under Trog
   895 | D:2      | Found a shattered altar of Ashenzari.
   937 | D:2      | Noticed Terence
   948 | D:2      | Killed Terence
   948 | D:2      | Reached XP level 4. HP: 32/41 MP: 3/3
  1611 | D:3      | Reached skill level 5 in Axes
  1635 | D:3      | Found an ancient bone altar of Kikubaaqudgha.
  1636 | D:3      | Found a hazy altar of Hepliaklqana.
  1642 | D:3      | Found a blossoming altar of Fedhas.
  1643 | D:3      | Noticed NorthaanB's ghost (amateur MfIE)
  1644 | D:3      | Found a hide-covered altar of Uskayaw.
  1644 | D:3      | Found a glowing golden altar of the Shining One.
  1654 | D:3      | Killed NorthaanB's ghost
  1654 | D:3      | Reached XP level 5. HP: 33/47 MP: 4/4
  1983 | D:3      | Reached *** piety under Trog
  2196 | D:3      | Reached skill level 6 in Axes
  2209 | D:3      | Reached XP level 6. HP: 28/55 MP: 5/5
  2481 | D:4      | Reached skill level 5 in Fighting
  2657 | D:4      | Found a sparkling altar of Nemelex Xobeh.
  2900 | D:4      | Found a snail-covered altar of Cheibriados.
  3307 | D:5      | Entered Level 5 of the Dungeon
  3329 | D:5      | Noticed an ice beast
  3339 | D:5      | Killed an ice beast
  3339 | D:5      | Reached skill level 1 in Stealth
  3345 | D:5      | Noticed a water moccasin
  3353 | D:5      | Killed a water moccasin
  3353 | D:5      | Reached skill level 7 in Axes
  3353 | D:5      | Reached XP level 7. HP: 56/61 MP: 6/6
  3451 | D:5      | Reached skill level 5 in Armour
  3552 | D:5      | Found a staircase to the Ecumenical Temple.
  3795 | D:5      | Found Paisk's Armour Shoppe.
  3827 | D:5      | Reached skill level 8 in Axes
  3835 | D:5      | Found an iron altar of Okawaru.
  3946 | Temple   | Entered the Ecumenical Temple
  4112 | D:6      | Reached XP level 8. HP: 70/70 MP: 7/7
  4270 | D:6      | Reached skill level 9 in Axes
  4678 | D:7      | Reached **** piety under Trog
  4892 | D:7      | Reached skill level 10 in Axes
  4983 | D:7      | Found a stormy altar of Qazlal.
  4985 | D:7      | Found a deep blue altar of Sif Muna.
  5423 | D:8      | Reached XP level 9. HP: 79/79 MP: 8/8
  5528 | D:8      | Noticed an obsidian statue
  5534 | D:8      | Noticed a sixfirhy
  5534 | D:8      | Noticed a rust devil
  5539 | D:8      | Slain by a sixfirhy

Skill      XL: |  1  2  3  4  5  6  7  8 |
---------------+-------------------------+-----
Fighting       | 4 5 6 7 |  7.4
Axes           | 4 5 6 7 8 10 | 10.5
Armour         | 3 4 5 7 |  7.0
Dodging        | 3 |  3.5
Stealth        | 1 |  1.4

Action                   |  1- 3 |  4- 6 |  7- 9 || total
-------------------------+-------+-------+-------++-------
Melee: Hand axe          |    65 |   137 |   190 ||   392
       Headbutt          |    10 |    30 |    36 ||    76
Invok: Burn Spellbooks   |       |       |     1 ||     1
  Use: Potion            |       |    10 |       ||    10
       Scroll            |       |     8 |     4 ||    12
  Eat: Chunk             |       |     7 |     5 ||    12
       Bread ration      |       |       |     1 ||     1
Armor: Animal skin       |     9 |       |       ||     9
       Plate armour      |    32 |    70 |    95 ||   197
Dodge: Dodged            |    56 |    48 |    62 ||   166
